 Dungeon Crawl Stone Soup version 0.21-a0-278-ga722497 (webtiles) character file.

146 vishdafish the Skirmisher (level 5, 41/41 HPs)
             Began as a Demonspawn Fighter on Sept 21, 2017.
             Quit the game on level 3 of the Dungeon.
             The game lasted 00:03:45 (2032 turns).

vishdafish the Skirmisher (Demonspawn Fighter)      Turns: 2032, Time: 00:03:46

Health: 41/41      AC:  6    Str: 17    XL:     5   Next: 7%
Magic:  5/5        EV:  7    Int:  9    God:
Gold:   129        SH:  9    Dex: 13    Spells: 4/4 levels left

rFire    . . .     SeeInvis .   a - +0 trident
rCold    . . .     Gourm    .   c - +0 shield
rNeg     . . .     Faith    .   b - +0 scale mail
rPois    .         Spirit   .   (no helmet)
rElec    .         Reflect  .   (no cloak)
rCorr    .         Harm     .   (no gloves)
MR       .....                  (no boots)
Stlth    ..........             (no amulet)
HPRegen  0.13/turn              (no ring)
MPRegen  0.09/turn              (no ring)

@: no status effects
A: talons 1, powered by pain 1
a: no special abilities


You were on level 3 of the Dungeon.
You were not hungry.

You visited 1 branch of the dungeon, and saw 3 of its levels.

You collected 129 gold pieces.

Inventory:

Hand Weapons
 a - a +0 trident (weapon)
Missiles
 s - 3 tomahawks of dispersal (quivered)
Armour
 b - a +0 scale mail (worn)
 c - a +0 shield (worn)
Jewellery
 p - an uncursed ring of ice
Scrolls
 g - 4 scrolls of remove curse {unknown}
 k - 4 scrolls of identify {unknown}
 l - a scroll of immolation {unknown}
 n - 2 scrolls of teleportation {unknown}
 r - a scroll of blinking {unknown}
Potions
 d - a potion of might
 e - 2 potions of haste {unknown}
 h - 2 potions of heal wounds {unknown}
 i - 2 potions of magic {unknown}
 j - 2 potions of curing {unknown}
 m - a potion of flight {unknown}
 q - 2 potions of agility {unknown}
Comestibles
 f - 2 bread rations
 o - a royal jelly
 t - 2 chunks of flesh


   Skills:
 + Level 3.5 Fighting
 + Level 3.1 Polearms
 + Level 3.3 Armour
 + Level 0.1 Dodging
 + Level 3.5 Shields


You had 4 spell levels left.
You didn't know any spells.

Dungeon Overview and Level Annotations

Branches:
Dungeon (3/15)

Altars:
Cheibriados
Dithmenos
Qazlal
Sif Muna


Innate Abilities, Weirdness & Mutations

You have sharp toenails.
You sometimes gain a little power by taking damage.


Message History

The adder barely misses you. You block the adder's attack.
You puncture the adder! You claw the adder.
You kill the adder!
Failed to move towards target.
Failed to move towards target.
Failed to move towards target.
Failed to move towards target.
Failed to move towards target.
Failed to move towards target.
Failed to move towards target.
Failed to move towards target.
Failed to move towards target.
Failed to move towards target.
Failed to move towards target.
Failed to move towards target.
Failed to move towards target.
Failed to move towards target.
Failed to move towards target.
Failed to move towards target.
Are you sure you want to abandon this character and quit the game? (Confirm with "yes".)

.##......(..#
.##.####....#
..#.# #.##.##
....# #.....##
..### #..##..##
†## #.###...###
..# #.#E#†).#E#
#.# ..###...####
.#
..........@.####
.#
#.#....._.......#
.#
#.#.........†...#
..
...###...###...#
(..#E#...#E#...#
###...###...#
####. .### .# .#


You could see an earth elemental, a water elemental, a fire elemental and an air
elemental.

Vanquished Creatures
  An orc priest (D:3)
  A gnoll (D:1)
  3 adders
  2 oozes (D:3)
  2 worms (D:2)
  2 dart slugs
  5 leopard geckos
  3 orcs
  2 ball pythons
  10 bats
  3 giant cockroaches
  3 goblins
  3 hobgoblins
  8 kobolds
  2 quokkas
  5 frilled lizards
  2 rats
57 creatures vanquished.

Notes
Turn   | Place    | Note
-------+----------+-------------------------------------------
     0 | D:1      | vishdafish the Demonspawn Fighter began the quest for the Orb.
     0 | D:1      | Reached XP level 1. HP: 18/18 MP: 1/1
   179 | D:1      | Gained mutation: You have sharp toenails. [demonic ancestry]
   179 | D:1      | Reached XP level 2. HP: 20/24 MP: 2/2
   322 | D:1      | Reached XP level 3. HP: 26/29 MP: 3/3
   918 | D:2      | Found a deep blue altar of Sif Muna.
  1064 | D:2      | Found a faded altar of an unknown god.
  1132 | D:2      | Found a snail-covered altar of Cheibriados.
  1419 | D:2      | Reached XP level 4. HP: 21/35 MP: 4/4
  1446 | D:2      | Found a shadowy altar of Dithmenos.
  2017 | D:3      | Noticed a water elemental
  2018 | D:3      | Found a stormy altar of Qazlal.
  2020 | D:3      | Noticed a fire elemental
  2020 | D:3      | Noticed an air elemental
  2020 | D:3      | Noticed an earth elemental
  2022 | D:3      | Gained mutation: You sometimes gain a little power by taking damage. [demonic ancestry]
  2022 | D:3      | Reached XP level 5. HP: 41/41 MP: 5/5
  2032 | D:3      | Quit the game

Vault maps used:
D:1:      lightli_iron_boxes
D:2:      lemuel_blue_sif_altar, cheibriados_altar_1, first_bread,
          chequers_ecumenical_altar_grove,
          nicolae_dithmenos_through_a_glass_darkly
D:3:      nicolae_qazlal_style_of_elements

Skill      XL: |  1  2  3  4 |
---------------+-------------+-----
Polearms       | 2 3 |  3.1
Armour         | 3 |  3.3
Shields        | 3 |  3.5
Fighting       | |  3.5
Dodging        | |  0.1

Action                   |  1- 3 |  4- 6 || total
-------------------------+-------+-------++-------
Melee: Trident           |   131 |    70 ||   201
       Kick              |    10 |    18 ||    28
  Eat: Chunk             |     2 |     2 ||     4
Armor: Scale mail        |    43 |    18 ||    61
Dodge: Dodged            |    32 |    24 ||    56
Block: Shield            |    64 |    27 ||    91

Table legend:
 A = Spawn XP
 B = Non-spawn XP
 C = Spawn XP percentage of total XP
 D = Spawn monster count
 E = Non-spawn monster count
 F = Spawn count percentage of total count
 G = Total turns spent on level
                    A         B        C        D         E        F      G
               +---------+---------+-------+---------+---------+-------+---------
         Total |       0 |     209 |   0.0 |       0 |      57 |   0.0 |  2032
               +---------+---------+-------+---------+---------+-------+---------
           D:1 |       0 |      54 |   0.0 |       0 |      22 |   0.0 |   847
           D:2 |       0 |      56 |   0.0 |       0 |      15 |   0.0 |   871
           D:3 |       0 |      99 |   0.0 |       0 |      20 |   0.0 |   314
               +---------+---------+-------+---------+---------+-------+---------
